Map: Arctic Dream LE

Players

CmeTanKa - Winner!

  • Race: Terran Terran
  • League: Master
  • Spawn Location: 11:00

XyLiGAniK - Winner!

  • Race: Terran Terran
  • League: Silver
  • Spawn Location: 12:00

Massa

  • Race: Terran Terran
  • League: Platinum
  • Spawn Location: 6:00

qqq

  • Race: Zerg Zerg
  • League: Platinum
  • Spawn Location: 5:00

VOD

Have the link to the VOD?

Description

Time

  • Played on: Nov. 29, 2020, 5:37 a.m.
  • Length: 24:26
Show
View Real Time Build Order
Export as new Build Order

CmeTanKa Terran - Winner!

Build Orders:  

Get SALT Encoding   

  12  0:00  SCV  
  13  0:12  SCV  
  14  0:17  Supply Depot  
  14  0:24  SCV  
  15  0:28  Refinery  
  15  0:38  SCV  
  16  0:46  Barracks  
  16  0:51  SCV  
  17  1:03  Barracks  
  16  1:25  SCV  
  16  1:31  Barracks  
  17  1:38  SCV  
  18  1:44  Reaper  
  19  1:50  Reaper  
  19  1:51  Orbital Command  
  20  2:00  Refinery  
  20  2:10  Supply Depot  
  20  2:16  Reaper  
  20  2:17  SCV  
  22  2:24  Reaper  
  23  2:32  SCV, Reaper  
  25  2:44  SCV  
  25  2:46  Supply Depot  
  25  2:48  Reaper  
  27  2:56  SCV, Reaper  
  29  3:04  Reaper  
  31  3:32  Command Center  
  32  3:38  Barracks Tech Lab  
  32  3:39  Barracks Tech Lab  
  30  3:44  Barracks Reactor  
  29  3:55  SCV  
  28  3:56  Marine  
  28  3:58  Factory, Marine  
  28  3:59  Stimpack  
  29  4:07  SCV  
  29  4:14  Marine  
  29  4:16  Marine  
  31  4:19  SCV  
  32  4:27  Marine  
  32  4:31  SCV  
  33  4:32  Marine  
  33  4:33  Marine  
  33  4:34  Marine  
  34  4:43  SCV  
  34  4:44  Factory Reactor  
  35  4:45  Orbital Command, Marine  
  35  4:46  Starport  
  35  4:50  Marine  
  35  4:51  Marine  
  35  4:52  Marine  
  39  4:56  SCV  
  40  5:03  Marine  
  41  5:07  Marine  
  41  5:09  SCV, Marine  
  41  5:13  SCV, Supply Depot  
  45  5:16  Marine  
  45  5:21  SCV, Marine  
  47  5:25  SCV  
  50  5:28  Marine  
  50  5:30  Factory Tech Lab  
  50  5:33  SCV, Marine  
  50  5:34  Engineering Bay  
  52  5:36  Medivac  
  52  5:37  SCV, Medivac  
  52  5:40  Marine  
  52  5:41  Marine  
  59  5:48  Supply Depot  
  59  5:49  SCV  
  60  5:50  SCV  
  60  5:51  Supply Depot  
  60  5:53  Marine  
  60  5:56  Combat Shield  
  62  6:01  Refinery  
  62  6:08  Supply Depot  
  62  6:09  Marine, Siege Tank  
  66  6:13  Marine x2  
  66  6:15  SCV x2  
  70  6:18  Missile Turret  
  70  6:22  Missile Turret  
  70  6:23  Marine  
  71  6:26  Medivac  
  71  6:27  SCV  
  71  6:31  Terran Infantry Weapons Level 1  
  71  6:32  SCV  
  75  6:34  Marine  
  75  6:36  Marine  
  77  6:43  Marine  
  77  6:46  Marine  
  79  6:50  Siege Tank  
  79  6:52  Marine  
  79  6:53  Marine  
  84  6:55  Supply Depot  
  84  7:00  Marine  
  75  7:03  Marine  
  72  7:10  Marine  
  72  7:11  Marine  
  74  7:18  Marine  
  74  7:20  SCV x2  
  74  7:21  Marine  
  75  7:24  Command Center  
  75  7:28  Marine  
  75  7:29  Marine  
  74  7:32  SCV  
  74  7:33  SCV  
  74  7:36  Marine  
  77  7:37  Refinery  
  77  7:38  Engineering Bay  
  77  7:39  Marine  
  78  7:44  SCV  
  78  7:45  Siege Tank  
  78  7:46  Marine  
  83  7:55  Marine  
  84  8:02  Marine  
  78  8:09  SCV x2  
  78  8:11  Marine  
  78  8:12  Marine  
  78  8:13  Marine  
  78  8:17  Command Center  
  78  8:19  Terran Infantry Armor Level 1  
  79  8:20  Marine  
  79  8:23  Siege Tank  
  83  8:28  Medivac  
  83  8:29  Medivac  
  83  8:30  Marine  
  88  8:36  SCV  
  88  8:39  Orbital Command  
  89  8:42  SCV  
  89  8:44  Marine  
  89  8:48  SCV  
  92  8:57  SCV  
  92  8:58  Marine  
  92  8:59  Marine  
  92  9:00  Barracks  
  92  9:01  Barracks, Marine  
  96  9:06  Marine  
  97  9:15  Marine  
  98  9:17  Marine  
  98  9:19  Marine  
  98  9:23  Marine  
  90  9:33  Marine  
  90  9:35  Marine  
  90  9:37  Marine  
  93  9:40  Planetary Fortress  
  93  9:41  Marine  
  93  9:42  SCV x2  
  96  9:51  Marine  
  95  9:53  Marine  
  95  9:55  Marine  
  95  9:59  SCV x2, Marine  
  84  10:01  Barracks Reactor  
  84  10:02  Barracks Reactor  
  84  10:06  Orbital Command  
  84  10:07  Barracks, Missile Turret  
  84  10:09  Barracks, Marine  
  84  10:10  Marine  
  84  10:11  SCV, Siege Tank  
  84  10:13  Marine  
  91  10:14  Barracks  
  91  10:17  Marine  
  92  10:26  Factory  
  92  10:27  Marine  
  93  10:28  Marine  
  93  10:30  Armory, Marine  
  93  10:34  SCV x3  
  93  10:35  SCV, Marine  
  100  10:41  Marine x2  
  102  10:43  Medivac x2, Siege Tank  
  102  10:44  Marine  
  102  10:46  Marine  
  102  10:49  Marine  
  112  10:51  SCV x2, Missile Turret  
  112  10:52  SCV x2, Marine  
  117  10:59  Barracks Reactor  
  117  11:01  Concussive Shells  
  117  11:03  SCV  
  117  11:04  SCV x2  
  120  11:07  Barracks Reactor  
  120  11:09  Barracks Reactor  
  120  11:10  Refinery, SCV, Marine  
  121  11:14  Refinery  
  121  11:15  Sensor Tower, Siege Tank  
  124  11:25  Terran Infantry Weapons Level 2, Terran Vehicle Weapons Level 1  
  124  11:26  Terran Infantry Armor Level 2  
  124  11:30  Factory Tech Lab  
  124  11:40  Supply Depot x2  
  124  11:42  Supply Depot  
  124  12:00  Supply Depot  
  124  12:01  Marine x5  
  124  12:02  SCV, Marauder x2, Marine x3, Command Center, Siege Tank  
  124  12:04  SCV, Siege Tank, Supply Depot  
  144  12:13  Marine x2  
  144  12:14  SCV, Marine  
  148  12:17  Starport  
  148  12:21  Marine x3  
  152  12:26  SCV, Marine  
  155  12:31  Marine  
  155  12:32  Marauder x2  
  155  12:34  Siege Tank  
  155  12:36  Siege Tank  
  163  12:42  Marine  
  163  12:44  Barracks Tech Lab  
  164  12:47  Factory  
  164  12:57  Missile Turret  
  164  12:58  Missile Turret  
  164  12:59  Missile Turret  
  164  13:00  Refinery  
  164  13:06  Missile Turret  
  164  13:07  Missile Turret  
  164  13:10  Armory  
  164  13:14  Starport Reactor, Siege Tank x2, Supply Depot  
  164  13:15  Planetary Fortress, Supply Depot  
  164  13:16  Supply Depot  
  164  13:17  Supply Depot  
  170  13:20  Refinery, Barracks Tech Lab  
  170  13:21  Barracks Tech Lab  
  170  13:25  Marauder, Marine  
  173  13:30  Liberator x2  
  173  13:31  Factory Tech Lab  
  179  13:36  Supply Depot  
  179  13:39  Marine  
  179  13:41  Marine  
  180  13:42  Refinery  
  180  13:45  Refinery, Marine  
  180  13:46  Marine, Siege Tank x2  
  180  13:47  Marine  
  180  13:48  Marauder x2, Marine  
  196  13:51  Liberator  
  198  14:02  Marine  
  199  14:20  Starport  
  199  14:27  Missile Turret  
  199  14:28  Missile Turret  
  199  14:29  Missile Turret  
  194  14:31  Marine  
  194  14:33  Marine  
  194  14:34  Marauder x2  
  171  14:41  Marine x2  
  171  14:43  Marauder, Marine  
  171  14:44  Marine, Siege Tank  
  171  14:45  Viking x2  
  176  14:52  Marine  
  154  14:53  Marine x2, Medivac x2  
  154  14:55  Marauder  
  154  14:56  Marauder  
  154  14:57  Siege Tank x2  
  167  15:01  Marine  
  167  15:04  Marine  
  167  15:05  Marauder  
  162  15:15  Marine  
  162  15:16  Siege Tank  
  162  15:17  Marauder x2  
  168  15:23  Orbital Command  
  168  15:26  Marauder  
  155  15:38  Marauder x2  
  155  15:39  SCV  
  155  15:40  SCV x3  
  163  15:48  Marauder, Marine  
  164  15:55  Marine  
  165  15:57  Siege Tank  
  165  15:58  Marine  
  165  15:59  Marauder  
  165  16:00  Marauder  
  165  16:02  Siege Tank x2  
  179  16:09  Marauder  
  181  16:13  Marine, Missile Turret  
  182  16:21  Marauder x2  
  186  16:29  Marine  
  186  16:30  Marauder, Marine  
  187  16:48  Supply Depot  
  187  16:50  Marine, Supply Depot  
  187  16:51  Siege Tank  
  187  16:52  Marauder  
  187  16:54  Marauder  
  187  16:56  Marauder  
  187  16:57  Siege Tank  
  187  17:00  Marine  
  175  17:01  Marine  
  175  17:08  Marine  
  163  17:10  Marine  
  163  17:12  Marine  
  163  17:14  Marauder, Marine  
  163  17:15  Siege Tank  
  169  17:16  Marauder  
  169  17:17  Marauder  
  169  17:22  Marine  
  163  17:23  Viking x3  
  163  17:24  Siege Tank  
  163  17:25  Marine x2  
  163  17:27  Terran Infantry Weapons Level 3  
  163  17:29  Siege Tank  
  177  17:33  Marine x2  
  177  17:35  Marauder  
  181  17:37  Marauder  
  181  17:38  Marauder  
  181  17:40  Marine  
  181  17:43  Terran Vehicle Weapons Level 2  
  186  17:44  Terran Infantry Armor Level 3  
  183  17:54  Marine, Sensor Tower  
  183  17:56  Marauder  
  183  17:57  Marine x3  
  191  17:58  Marauder  
  191  18:00  Marauder  
  191  18:04  Command Center  
  193  18:10  Siege Tank  
  193  18:11  Marine x2  
  198  18:13  Marine  
  199  18:31  Missile Turret  
  199  18:34  Marine  
  199  18:37  Refinery  
  200  18:44  Terran Ship Weapons Level 1  
  200  18:51  Refinery  
  200  18:53  Command Center  
  200  19:00  Marine  
  200  19:01  Marine  
  200  19:02  Marine  
  192  19:07  Marine  
  192  19:12  Marine  
  192  19:14  Marine  
  192  19:17  Orbital Command  
  187  19:20  Liberator x2  
  193  19:32  Viking  
  194  19:52  Orbital Command  
  194  19:58  Marine  
  194  19:59  Marauder x2  
  199  20:04  Hi-Sec Auto Tracking, Marine  
  200  20:19  Missile Turret  
  200  20:21  Neosteel Armor, Orbital Command  
  200  20:34  Missile Turret  
  200  20:36  Missile Turret  
  200  20:46  Starport, Missile Turret  
  200  20:47  Starport  
  200  20:57  Missile Turret  
  200  21:00  Missile Turret  
  200  21:09  Missile Turret  
  200  21:14  Command Center x2  
  200  21:18  Missile Turret  
  200  21:22  Missile Turret  
  200  21:24  Marine  
  200  21:25  Marauder x2  
  180  21:27  Marine  
  180  21:28  Marine  
  180  21:29  Marauder, Marine  
  180  21:31  Siege Tank x2  
  180  21:32  Missile Turret, Viking x2  
  187  21:34  Marine  
  188  21:41  Missile Turret  
  188  21:42  Marine  
  188  21:44  Marine  
  188  21:46  Marauder x2  
  194  21:49  Marine  
  194  21:50  Marauder  
  197  21:56  Liberator  
  200  22:07  Marauder  
  200  22:19  Marine  
  197  22:24  Viking  
  197  22:25  Viking  
  197  22:27  Marine  
  197  22:29  Marauder  
  199  22:31  Marine  
  189  22:43  Marine  
  177  22:44  Marauder  
  177  22:48  Marauder, Marine  
  177  22:50  Marauder, Marine  
  177  22:51  Marine  
  171  22:53  Marine  
  171  22:54  Marine  
  171  22:56  Marine  
  171  22:57  Marine  
  172  22:58  Marine  
  172  23:01  Marine  
  174  23:05  Marauder  
  174  23:07  Marine  
  174  23:10  Marauder  
  174  23:12  Marauder, Marine  
  180  23:13  Siege Tank x2  
  180  23:15  Marine  
  180  23:16  Marine x3  
  180  23:17  Marine  
  180  23:19  Liberator x2  
  190  23:25  Siege Tank  
  195  23:27  Marauder  
  195  23:28  Starport Reactor  
  195  23:31  Marauder  
  195  23:33  Marauder  
  199  23:35  Refinery  
  199  23:39  Refinery  
  199  23:51  Starport Reactor  
  199  23:53  Orbital Command  
Show
View Real Time Build Order
Export as new Build Order

XyLiGAniK Terran - Winner!

Build Orders:  

Get SALT Encoding   

  12  0:01  SCV  
  13  0:16  Supply Depot  
  13  0:18  SCV  
  14  0:30  SCV  
  15  0:39  Barracks  
  15  0:42  SCV  
  16  0:49  Supply Depot  
  16  0:54  SCV  
  17  1:00  Refinery  
  17  1:06  SCV  
  18  1:15  Refinery  
  18  1:18  SCV  
  19  1:30  Engineering Bay  
  19  1:31  SCV  
  20  1:43  Barracks  
  20  1:44  SCV  
  21  1:48  Barracks Reactor  
  21  1:56  SCV  
  22  2:08  Terran Infantry Weapons Level 1  
  22  2:10  SCV  
  23  2:29  SCV  
  24  2:31  Barracks Tech Lab, Factory  
  24  2:34  Marine x2  
  26  2:40  Supply Depot  
  26  2:47  Orbital Command  
  26  2:53  Combat Shield  
  26  3:01  Marine x2  
  28  3:17  Factory Tech Lab, Supply Depot  
  28  3:39  Command Center  
  28  3:46  SCV  
  29  3:50  Siege Tank  
  32  3:57  Marine x2  
  32  4:01  Supply Depot  
  34  4:03  SCV  
  35  4:13  Terran Infantry Armor Level 1  
  35  4:15  SCV  
  36  4:20  Marine x2  
  38  4:30  Stimpack  
  38  4:38  SCV  
  38  4:43  Armory  
  39  4:52  Siege Tank  
  42  4:54  Orbital Command  
  42  5:01  Refinery  
  42  5:02  Marine x2  
  44  5:24  Refinery  
  44  5:49  SCV  
  45  5:50  SCV  
  45  5:54  Command Center  
  45  5:55  Terran Vehicle Weapons Level 1  
  46  6:01  SCV  
  46  6:02  SCV  
  46  6:03  Marine x2  
  50  6:05  Supply Depot  
  50  6:07  Terran Infantry Weapons Level 2  
  50  6:13  SCV  
  50  6:17  SCV  
  52  6:24  Marine x2  
  54  6:27  Supply Depot  
  54  6:35  SCV  
  54  6:36  Starport  
  54  6:38  SCV  
  56  6:50  SCV  
  57  6:58  Siege Tank  
  57  7:01  Supply Depot  
  60  7:09  SCV  
  60  7:10  SCV  
  60  7:12  Marine x2  
  60  7:15  Starport Reactor  
  64  7:21  SCV  
  64  7:22  SCV, Factory  
  66  7:23  Supply Depot  
  66  7:26  Orbital Command  
  66  7:32  Refinery  
  66  7:55  Refinery  
  66  7:59  SCV  
  67  8:06  Factory  
  67  8:11  SCV  
  68  8:15  Medivac x2  
  68  8:16  Factory Tech Lab  
  68  8:19  Marine x2  
  74  8:23  Terran Infantry Armor Level 2, SCV  
  75  8:29  Terran Vehicle Weapons Level 2, Supply Depot  
  75  8:41  Marine  
  75  8:42  Marine  
  75  8:47  Marauder  
  79  8:52  Factory Tech Lab, Supply Depot  
  79  8:59  Marine x2  
  81  9:09  Marauder  
  83  9:14  Supply Depot  
  67  9:42  Thor  
  67  9:43  Thor  
  67  9:44  Thor  
  85  9:54  Factory  
  85  9:59  Supply Depot  
  85  10:05  SCV  
  86  10:17  SCV  
  87  10:23  Supply Depot  
  87  10:33  Thor x2  
  87  10:34  Thor  
  105  10:38  Marine x2  
  105  10:39  Command Center  
  105  10:41  Marauder  
  109  10:45  Supply Depot  
  109  10:50  Factory  
  109  10:51  Factory Tech Lab  
  109  10:55  Terran Vehicle Weapons Level 3  
  109  10:56  Marine x2  
  111  10:57  Terran Infantry Weapons Level 3  
  111  11:02  Marauder  
  113  11:15  Thor  
  113  11:16  Thor x2  
  131  11:38  Factory Tech Lab  
  131  11:43  Marine x2  
  131  11:45  Marauder  
  131  11:46  Barracks  
  135  11:51  Orbital Command  
  135  11:55  Refinery  
  135  12:00  Marine  
  135  12:01  Marine  
  137  12:06  Marauder  
  139  12:13  Thor x2  
  139  12:14  Thor x2  
  163  12:20  Refinery  
  125  13:05  Thor x2  
  113  13:06  Thor x2  
  113  13:09  Barracks Reactor  
  131  13:23  Supply Depot  
  131  13:26  Marine  
  132  13:27  Marine  
  132  13:29  Marauder  
  132  13:31  Medivac x2  
  132  13:32  Terran Vehicle And Ship Armor Level 1  
  139  13:34  Terran Infantry Armor Level 3  
  139  13:38  Command Center  
  139  13:43  SCV  
  139  13:44  Marine x2  
  142  13:51  Marauder  
  142  13:55  SCV, Supply Depot  
  145  14:08  Thor  
  145  14:09  Thor x3  
  169  14:18  Supply Depot  
  169  14:24  Marine x2  
  169  14:26  Marine x2  
  169  14:29  Marauder  
  169  14:30  Widow Mine  
  177  14:41  Supply Depot  
  177  14:42  Marine x2  
  177  14:44  Marine x2  
  181  14:50  Marauder  
  183  14:59  Thor x2  
  113  16:10  Refinery  
  113  16:11  Neosteel Armor  
  112  16:53  Starport  
  112  17:22  Orbital Command  
  112  17:31  Starport  
  112  17:33  Starport Tech Lab  
  112  17:34  Terran Ship Weapons Level 1  
  112  17:40  Refinery  
  112  17:42  Armory  
  112  17:51  Hi-Sec Auto Tracking  
  112  18:03  SCV  
  113  18:06  Refinery  
  113  18:09  Starport  
  104  18:30  Medivac x2  
  108  18:47  Starport  
  108  18:50  Starport Tech Lab  
  108  18:51  Starport Tech Lab  
  108  18:54  Terran Vehicle And Ship Armor Level 2  
  108  18:59  Fusion Core  
  108  19:25  Starport  
  63  20:05  Starport, Starport Tech Lab  
  63  20:07  Starport Tech Lab  
  52  20:28  Battlecruiser  
  52  20:29  Battlecruiser x3  
  52  20:30  Battlecruiser  
  52  20:34  Terran Ship Weapons Level 2  
  82  20:55  Starport Tech Lab  
  82  21:34  Battlecruiser x3  
  82  21:35  Battlecruiser x2  
  82  21:36  Battlecruiser  
  118  21:54  Command Center  
  118  22:36  Weapon Refit  
  118  22:38  Battlecruiser x2  
  118  22:39  Battlecruiser x3  
  118  22:40  Battlecruiser  
Show
View Real Time Build Order
Export as new Build Order

Massa Terran 

Build Orders: Reaper Expand 

Get SALT Encoding   

  12  0:00  SCV  
  13  0:13  SCV  
  14  0:17  Supply Depot  
  14  0:25  SCV  
  15  0:39  SCV  
  15  0:41  Barracks  
  16  0:45  Refinery  
  16  0:51  SCV  
  17  1:03  SCV  
  18  1:15  SCV  
  19  1:27  Orbital Command  
  19  1:35  Command Center  
  19  1:55  Reaper  
  20  2:02  SCV  
  21  2:12  Refinery  
  21  2:17  Supply Depot  
  21  2:20  SCV  
  22  2:30  Factory  
  22  2:31  Marine  
  23  2:39  SCV  
  23  2:41  Barracks  
  24  2:45  Barracks  
  24  2:49  Marine  
  25  2:51  SCV  
  25  2:55  Supply Depot  
  24  3:06  SCV  
  24  3:12  Marine  
  23  3:18  SCV  
  19  3:30  Marine  
  19  3:31  Orbital Command  
  11  3:45  Orbital Command  
  11  3:48  Marine  
  10  3:59  Marine  
  11  4:06  Marine  
  9  4:24  Marine  
  10  4:25  Marine x2  
  8  4:41  Marine  
  8  4:42  Hellion  
  8  4:43  Marine  
  8  4:44  Marine  
  13  4:45  SCV  
  13  4:46  SCV  
  15  4:58  SCV x2  
  15  4:59  Marine  
  18  5:03  Hellion  
  20  5:07  Starport  
  20  5:10  SCV x2  
  22  5:19  Barracks Reactor, Barracks Tech Lab  
  22  5:20  Marine  
  23  5:22  SCV x2  
  23  5:25  Factory Tech Lab  
  25  5:34  SCV x2  
  27  5:37  Marine  
  28  5:43  Medivac  
  28  5:46  SCV x2  
  32  5:58  SCV x2, Engineering Bay  
  34  6:10  SCV x2  
  36  6:17  Medivac  
  38  6:22  SCV x2  
  40  6:26  Missile Turret  
  40  6:30  Missile Turret  
  40  6:33  Marauder, Marine  
  40  6:35  Marine  
  44  7:04  Siege Tank  
  44  7:06  Marauder, Marine x2  
  49  7:27  Marauder  
  51  7:30  Marine x2  
  51  7:31  Marine  
  54  7:40  Supply Depot  
  54  7:59  SCV x2  
  54  8:00  Marauder  
  48  8:10  Siege Tank  
  48  8:12  SCV x2  
  43  8:13  Stimpack  
  43  8:14  Marine  
  43  8:16  Marine  
  45  8:21  Marauder  
  45  8:23  Marine  
  45  8:24  SCV x2  
  50  8:32  Marine  
  51  8:34  Marine  
  51  8:36  SCV x2  
  54  8:49  Barracks Reactor  
  54  8:52  Siege Tank  
  57  8:56  Marauder, Marine x2  
  61  9:03  SCV  
  61  9:06  Refinery  
  61  9:08  Supply Depot  
  62  9:11  Supply Depot  
  62  9:20  Marine x2  
  62  9:21  SCV  
  62  9:30  SCV, Marauder  
  62  9:33  SCV  
  62  10:00  SCV  
  62  10:01  SCV  
  64  10:12  SCV, Medivac  
  64  10:13  SCV  
  68  10:20  Command Center  
  68  10:22  Refinery  
  68  10:25  SCV x2  
  70  10:29  Missile Turret  
  70  10:42  Supply Depot  
  70  10:44  Supply Depot  
  70  10:55  Terran Infantry Weapons Level 1  
  70  11:00  Armory  
  70  11:03  SCV x2, Marine x2, Medivac  
  78  11:04  Marauder  
  78  11:06  Siege Tank  
  81  11:15  Marine x2  
  81  11:16  SCV x2  
  85  11:21  Marine  
  85  11:22  Missile Turret  
  86  11:27  Missile Turret  
  86  11:29  Supply Depot  
  86  11:31  SCV x2, Marine  
  86  11:32  Marauder  
  91  11:33  Supply Depot  
  91  11:34  Supply Depot  
  91  11:40  Orbital Command  
  91  11:53  Marauder  
  93  11:55  Marine x4  
  93  11:56  Combat Shield  
  97  12:07  Starport Reactor  
  97  12:08  SCV x3  
  98  12:13  Marine x2  
  98  12:14  Marauder  
  104  12:18  Siege Tank  
  104  12:20  SCV x3  
  110  12:24  Factory  
  110  12:30  Barracks  
  110  12:35  Marine x3  
  110  12:36  SCV, Marauder, Marine  
  110  12:37  SCV x2  
  119  12:49  SCV x2  
  121  12:57  Marauder  
  115  13:12  Refinery  
  115  13:14  Command Center  
  115  13:20  Command Center  
  115  13:21  Factory Reactor  
  115  13:22  Drilling Claws  
  115  13:24  Concussive Shells  
  115  13:26  Barracks Tech Lab  
  115  13:28  Marauder, Marine  
  115  13:29  Marine x3  
  121  13:37  Barracks  
  121  13:38  Sensor Tower  
  121  13:44  Sensor Tower  
  121  13:46  Marine  
  122  13:50  Marauder  
  124  13:55  SCV  
  125  14:05  Supply Depot  
  125  14:09  Supply Depot  
  125  14:10  Supply Depot x2  
  125  14:14  SCV  
  125  14:26  SCV x2, Marauder  
  125  14:30  Supply Depot  
  114  14:32  Supply Depot  
  114  14:35  Supply Depot  
  114  14:38  SCV  
  71  14:40  Siege Tank  
  71  14:41  Widow Mine x2, Smart Servos  
  71  14:43  Marauder, Marine  
  71  14:44  Marine x4  
  79  14:48  Marauder  
  62  15:01  Marine x2  
  62  15:02  Widow Mine, Marine x3  
  62  15:03  Widow Mine  
  62  15:04  Marauder  
  72  15:09  Marauder  
  72  15:12  Siege Tank  
  77  15:15  Command Center x2  
  77  15:26  Marauder  
  79  15:30  Marauder  
  81  15:42  Widow Mine  
  85  15:43  Widow Mine, Marine  
  85  15:44  Siege Tank  
  85  15:47  Marauder  
  89  15:52  Marauder  
  90  16:04  Widow Mine  
  92  16:05  Marine x3  
  92  16:06  Marine  
  92  16:07  Barracks Tech Lab  
  92  16:08  Marauder  
  98  16:13  Marauder  
  100  16:23  Marine x2, Siege Tank  
  100  16:24  Widow Mine  
  100  16:25  Widow Mine  
  109  16:30  Marauder  
  111  16:34  Marauder  
  113  16:47  Medivac x2  
  102  17:17  Medivac  
  103  17:32  Marauder x3, Marine  
  103  17:33  Marine x2  
  103  17:34  Orbital Command  
  103  17:35  SCV x2  
  114  17:53  Planetary Fortress  
  114  17:54  Marauder x3  
  118  18:09  Viking x2  
  122  18:30  Marauder x3  
  122  18:31  Marine x4  
  122  18:33  SCV x4  
  136  18:39  Viking x2  
  140  18:44  Siege Tank  
  140  18:45  SCV x4  
  140  18:46  Widow Mine  
  140  18:48  Widow Mine  
  151  18:52  Marauder x3  
  107  19:13  Marauder  
  107  19:16  Siege Tank  
  109  19:29  Marauder x2  
  109  19:30  Marine  
  99  19:34  Marauder  
  99  19:35  Marine x3  
  106  19:38  Widow Mine  
  106  19:40  SCV  
  106  19:41  SCV  
  108  19:48  Marine, Medivac  
  108  19:49  Medivac  
  108  19:51  Marauder x2  
  115  19:52  Marine x2  
  115  19:56  Marauder  
  117  20:09  Refinery  
  117  20:12  Marauder x2  
  117  20:13  Refinery  
  121  20:17  Marauder  
  121  20:18  Marine x3  
  121  20:19  Marine  
  127  20:26  Siege Tank  
  132  20:28  Widow Mine  
  132  20:33  Marauder x2  
  136  20:38  Marauder  
  138  20:55  Marauder x2  
  142  21:00  Marauder  
  144  21:06  Command Center  
  144  21:16  Marauder  
  146  21:19  Marauder  
  146  21:20  Marine x2  
  146  21:21  Marauder, Siege Tank  
  155  21:38  Marauder  
  157  21:40  Marauder  
  159  21:55  Command Center  
  142  22:47  SCV x3  
  146  22:54  Planetary Fortress  
  146  22:57  Marauder x3  
  146  22:58  Marine x4  
  153  22:59  SCV x3  
  153  23:05  Medivac x2  
  162  23:11  SCV  
  163  23:19  Marauder x3  
  169  23:27  Marine x4  
  172  23:35  Missile Turret, Medivac  
  172  23:38  Missile Turret  
  172  23:40  Marauder x3  
  179  23:44  Missile Turret  
  152  24:01  Marauder x2  
  152  24:07  Missile Turret  
Show
View Real Time Build Order
Export as new Build Order

qqq Zerg 

Build Orders: Hatch First, Lurkers 

Get SALT Encoding   

  12  0:00  Drone  
  13  0:13  Drone  
  14  0:25  Overlord  
  14  0:45  Hatchery  
  14  0:48  Drone  
  14  0:51  Drone  
  14  0:55  Drone  
  16  1:01  Extractor  
  15  1:19  Spawning Pool  
  14  1:41  Drone x3  
  17  1:59  Drone  
  18  2:10  Drone  
  18  2:11  Drone  
  18  2:12  Drone  
  18  2:14  Queen  
  23  2:18  Metabolic Boost  
  23  2:20  Drone  
  23  2:21  Drone  
  25  2:29  Zergling x2  
  25  2:31  Drone  
  26  2:37  Zergling x2  
  26  2:41  Drone  
  28  2:50  Overlord  
  28  3:01  Overlord  
  28  3:08  Queen  
  28  3:09  Zergling x2  
  28  3:12  Zergling x4  
  33  3:13  Overlord  
  33  3:19  Zergling x2  
  34  3:24  Zergling x6  
  34  3:25  Zergling x2  
  36  3:50  Zergling x4  
  36  3:51  Zergling x4  
  36  4:02  Zergling x2  
  37  4:03  Zergling x2  
  34  4:18  Zergling x8  
  38  4:26  Zergling x2  
  38  4:28  Zergling x2  
  40  4:47  Zergling x6  
  40  4:51  Lair  
  43  4:54  Zergling x4  
  43  4:59  Hatchery  
  43  5:18  Drone x2  
  43  5:19  Drone x2  
  43  5:21  Drone x3  
  50  5:25  Drone, Baneling Nest  
  50  5:26  Drone  
  51  5:30  Extractor, Overlord  
  50  5:40  Drone  
  51  5:49  Spore Crawler  
  50  5:50  Spore Crawler  
  50  5:53  Drone x3  
  50  5:54  Spore Crawler  
  51  5:57  Spore Crawler  
  51  5:58  Drone x2  
  51  6:03  Overseer  
  52  6:05  Drone  
  52  6:08  Pneumatized Carapace  
  53  6:12  Drone  
  53  6:14  Drone x2  
  53  6:16  Baneling  
  53  6:17  Baneling  
  53  6:18  Baneling x2  
  56  6:26  Queen  
  56  6:27  Drone  
  56  6:29  Drone  
  56  6:31  Drone  
  61  6:33  Zergling x2  
  62  6:53  Spore Crawler  
  53  7:14  Queen  
  55  7:20  Drone x2  
  55  7:21  Drone x8  
  65  7:23  Extractor  
  65  7:25  Extractor  
  63  7:34  Infestation Pit  
  63  7:35  Evolution Chamber  
  63  7:36  Evolution Chamber  
  60  7:41  Drone  
  60  7:42  Drone x5  
  60  7:43  Hydralisk Den  
  65  7:47  Centrifical Hooks  
  65  7:51  Overlord  
  65  7:54  Baneling x3  
  65  7:57  Hatchery, Baneling x3  
  65  7:58  Baneling  
  64  8:09  Zerg Missile Weapons Level 1  
  64  8:10  Zerg Melee Weapons Level 1  
  64  8:13  Drone x2  
  64  8:14  Drone  
  67  8:42  Drone x2, Lurker Den  
  67  8:43  Drone x4  
  72  9:00  Drone x2  
  72  9:02  Overlord x3  
  74  9:03  Overlord x6  
  74  9:12  Baneling x6  
  74  9:13  Baneling x9  
  69  9:25  Hydralisk x2  
  69  9:27  Overlord  
  69  9:28  Drone  
  69  9:29  Drone x4  
  77  9:31  Extractor  
  77  9:33  Extractor  
  65  10:00  Hydralisk x3, Zergling x8  
  65  10:01  Zergling x8  
  65  10:02  Drone x5, Zergling x2  
  65  10:03  Drone  
  65  10:04  Zerg Ground Armor Level 1  
  65  10:05  Zerg Missile Weapons Level 2  
  86  10:07  Hive  
  86  10:10  Zergling x4  
  88  10:31  Hydralisk x2  
  88  10:32  Hydralisk x2  
  96  10:36  Lurker  
  96  10:37  Hatchery  
  96  10:46  Drone x4  
  96  10:47  Drone x2, Queen  
  104  11:04  Spore Crawler x2  
  103  11:06  Spine Crawler  
  103  11:07  Spine Crawler  
  100  11:15  Lurker x3  
  103  11:21  Ultralisk Cavern  
  103  11:25  Overseer  
  102  11:26  Drone x6  
  108  11:57  Zerg Melee Weapons Level 2  
  105  12:04  Seismic Spines  
  105  12:10  Drone x3  
  105  12:11  Drone  
  109  12:19  Drone x3  
  109  12:21  Ultralisk x3  
  130  12:29  Spine Crawler  
  128  12:31  Spore Crawler  
  125  12:37  Anabolic Synthesis  
  124  12:55  Zergling x2, Ultralisk x2  
  124  12:56  Zergling x12  
  133  13:01  Adaptive Talons  
  133  13:07  Lurker x2  
  133  13:08  Hatchery  
  133  13:09  Zergling x6  
  137  13:14  Hatchery  
  137  13:16  Hatchery  
  135  13:35  Ultralisk  
  135  13:36  Ultralisk  
  135  13:37  Chitinous Plating  
  147  13:43  Zergling x10  
  147  13:44  Zergling x4  
  153  14:08  Zerg Ground Armor Level 2  
  149  14:35  Ultralisk x2  
  149  14:51  Ultralisk x2  
  157  14:55  Drone, Ultralisk  
  157  14:56  Drone  
  146  15:18  Zergling x10  
  135  15:36  Extractor, Hatchery  
  135  15:37  Ultralisk  
  135  15:38  Ultralisk  
  119  16:06  Drone x2  
  121  16:22  Ultralisk  
  121  16:23  Hatchery x2, Ultralisk  
  131  16:26  Zerg Melee Weapons Level 3  
  131  16:27  Zergling x4  
  131  16:28  Zergling x4  
  135  16:39  Zergling x2  
  133  16:48  Hydralisk x2  
  133  16:52  Hatchery  
  118  17:22  Zergling x8  
  92  17:23  Zergling x4  
  92  17:27  Baneling x2  
  94  17:39  Drone x2  
  94  17:42  Spine Crawler  
  94  17:43  Queen  
  97  17:53  Extractor, Hydralisk, Ultralisk  
  97  17:54  Hydralisk x2  
  97  17:57  Drone x4  
  112  17:59  Extractor, Baneling x6  
  112  18:00  Baneling x6  
  112  18:04  Adrenal Glands  
  95  18:29  Ultralisk x2  
  107  18:39  Lurker x2  
  107  18:41  Drone x5  
  111  18:45  Extractor x2  
  111  18:47  Drone x3  
  111  18:48  Drone  
  116  18:50  Drone x3  
  119  19:12  Ultralisk x2  
  119  19:14  Lurker  
  133  19:31  Zergling x8  
  133  19:32  Drone x2, Zergling x4  
  133  19:33  Drone x6  
  146  19:44  Ultralisk  
  151  19:52  Hatchery  
  141  20:02  Ultralisk  
  141  20:05  Overlord x4  
  147  20:09  Drone x3  
  146  20:31  Baneling x8  
  146  20:32  Baneling x4  
  146  20:34  Ultralisk x2  
  159  20:35  Drone x2  
  159  20:36  Drone  
  159  20:40  Extractor x2  
  159  20:47  Hatchery  
  161  21:04  Ultralisk x3  
  179  21:08  Hatchery  
  178  21:15  Extractor  
  178  21:16  Extractor  
  152  21:29  Ultralisk  
  152  21:30  Ultralisk x2  
  149  21:37  Ultralisk  
  155  21:53  Zergling x6  
  155  21:54  Zergling x14  
  161  21:55  Zergling x2  
  160  22:15  Baneling x9  
  160  22:16  Baneling x13  
  160  22:18  Hydralisk, Zergling x6  
  160  22:19  Hydralisk x5  
  110  23:21  Hydralisk x6  
  110  23:22  Hydralisk x6  
  126  23:43  Hydralisk  
  126  23:44  Hydralisk, Ultralisk x2  
  126  23:45  Hatchery  
  141  23:50  Hydralisk x4  
  149  23:56  Hydralisk x3  
  149  23:57  Hydralisk  
Tags
 
Add a new tag
Caveats
  • Supply blocks, unpowered buildings, or Contaminate may cause inaccurate times.
  • Supply counts are checked every 10 seconds.